 Dungeon Crawl Stone Soup version 0.30-a0-6-g7c9e10e132 (webtiles) character file.

Game seed: 13426805657882154409

7 Setbun the Trooper (level 2, -2/25 HPs)
             Began as a Djinni Cinder Acolyte on Aug 22, 2022.
             Was a High Priest of Ignis.
             Slain by a jackal (3 damage)
             ... on level 1 of the Dungeon.
             The game lasted 00:00:20 (96 turns).

Setbun the Trooper (Djinni Cinder Acolyte)            Turns: 96, Time: 00:00:20

Health: -2/25      AC:  2    Str: 13    XL:     2   Next: 10%
Gold:   0          EV: 11    Int: 15    God:    Ignis [*****.] SH:  0 Dex:  8

rFire   + + +      SeeInvis .    a - -1 falchion (flame)
rCold   x . .      Faith    .    (no shield)
rNeg    . . .      Spirit   .    b - +0 robe
rPois   ∞          Reflect  .    (no helmet)
rElec   .          Harm     .    (no cloak)
rCorr   .          Rampage  .    (no gloves)
Will    .....                    (boots unavailable)
Stlth   +.........               (no amulet)
HPRegen 0.08/turn                (no ring)
MPRegen 0.00/turn                (no ring)

@: flying
A: sickness immunity, fire resistance 2, cold vulnerability 1, float, innate
caster, HP casting, extra vitality 1
a: Renounce Religion, Fiery Armour, Foxfire Swarm, Rising Flame


You were on level 1 of the Dungeon.
You worshipped Ignis.
Ignis was extremely pleased with you.
You visited 1 branch of the dungeon, and saw 1 of its levels.

Inventory:

Hand Weapons
 a - a -1 falchion of flaming (weapon)
Armour
 b - a +0 robe (worn)


   Skills:
 - Level 3.0 Fighting
 - Level 2.6 Long Blades
 * Level 2.8 Spellcasting


You had 4 spell levels left.
You knew the following spells:

 Your Spells              Type           Power      Damage    Failure   Level
a - Scorch                Fire           20%        2d6       10%         2
Your spell library was empty.

Dungeon Overview and Level Annotations

Branches:
Dungeon (1/15)

Altars:


Innate Abilities, Weirdness & Mutations

You are immune to sickness and miasma.
You are immune to poison.
Your flesh is very heat resistant. (rF++)
You are vulnerable to cold. (rC-)
You float through the air rather than walking.
You learn spells naturally, not from books.
Your magical power is your life essence.
You have superior vitality. (+4 MHP)


Message History

There is an open door here.
The bat attacks as you move away! The bat closely misses you.
The jackal attacks as you move away! The jackal bites you.
The jackal attacks as you move away!
The jackal bites you but does no damage.
Found a fuming grey potion.
The bat misses you. The jackal bites you.
You hit the jackal but do no damage. The jackal closely misses you.
You barely miss the jackal. The jackal misses you.
The jackal barely misses you.
You closely miss the jackal. The jackal barely misses you.
You hit the jackal. You burn the jackal.
You kill the jackal!
The jackal bites you.
* * * LOW HITPOINT WARNING * * *
You have reached level 2!
You are too injured to fight recklessly!
You are too injured to fight recklessly!
You are too injured to fight recklessly!
Casting: Scorch (safe; 10% risk of failure)
Press: ? - help, Q - select action Dir - look around, f - activate Flames lash the kobold.
The kobold is severely wounded.
The kobold's fire resistance burns away.
* * * LOW HITPOINT WARNING * * *
The jackal bites you but does no damage.
Casting: Scorch (safe; 10% risk of failure)
Press: ? - help, Q - select action Dir - look around, f - activate Flames lash the kobold.
The kobold is burned terribly!
You kill the kobold!
* * * LOW HITPOINT WARNING * * *
The jackal closely misses you. x2
Unknown command.
Casting: Scorch (safe; 10% risk of failure)
Press: ? - help, Q - select action Dir - look around, f - activate Flames lash the jackal.
You kill the jackal!
* * * LOW HITPOINT WARNING * * *
The jackal bites you.
You die...

....... .......
....... .....
#####... #.....+#
#.K$~.)#.#
##########K$_~..#.#.#
.!.....@hbh~$~.......
##########).....#.#.#
#......# # #...#..#
#......# #.....##
##+#.## #...# ##..##


You could see 2 jackals, a bat and a kobold.

Vanquished Creatures
  A ball python (D:1)
  2 endoplasms (D:1)
  2 jackals (D:1)
  2 kobolds (D:1)
7 creatures vanquished.

Notes
Turn   | Place    | Note
-------+----------+-------------------------------------------
     0 | D:1      | Setbun the Djinni Cinder Acolyte began the quest for the
                  | Orb.
     0 | D:1      | Setbun set off with the following spells memorised: Scorch.
     0 | D:1      | Reached XP level 1. HP: 20/20 MP: 0/0
    60 | D:1      | Found a faded altar of an unknown god.
    94 | D:1      | Reached XP level 2. HP: 7/25 MP: 0/0
    96 | D:1      | Slain by a jackal

Illustrated notes

Levels and vault maps discovered:
D:1:      evilmike_arrival_crescent, layout_basic, serial_glass,
          glass_columns_a, glass_columns_b,
          hellmonk_ecumenical_altar_pennies_from_heaven, interstate_on_off

Action                   || total
-------------------------++-------
Melee: Falchion          ||    19
 Cast: Scorch            ||     3
Armor: Robe              ||    15
Dodge: Dodged            ||    31

Table legend: (Time is in decaauts)
 A = Elapsed time spent in this place.
 B = Non-inter-level travel time spent in this place.
 C = Inter-level travel time spent in this place.
 D = Time resting spent in this place.
 E = Time spent auto-exploring this place.
 F = Levels seen in this place.
 G = Mean time per level.
                   A        B        C        D        E       F      G
               +--------+--------+--------+--------+--------+-----+--------+
         Total |     99 |     99 |      0 |      0 |     57 |   1 |   99.0 |
       Dungeon |     99 |     99 |      0 |      0 |     57 |   1 |   99.0 |
               +--------+--------+--------+--------+--------+-----+--------+

Top non-repeatable levels by time:
     D:1: 99 daAuts
